 Dungeon Crawl Stone Soup version 0.27.1-2-g3b301248ec (webtiles) character file.

Game seed: 14792067554591786096

122 barney the Changer (level 4, -2/35 HPs)
             Began as a Draconian Transmuter on Oct 1, 2021.
             Slain by a gnoll (8 damage)
             ... on level 3 of the Dungeon.
             The game lasted 00:01:58 (3062 turns).

barney the Changer (Draconian Transmuter)           Turns: 3062, Time: 00:01:59

Health: -2/35      AC:  5    Str:  9 (12) XL:     4   Next: 78%
Magic:  6/7        EV: 12    Int: 13 (14) God:
Gold:   96         SH:  0    Dex:  9 (12) Spells: 1/7 levels left

rFire    . . .     SeeInvis .   f - +1 dagger (elec)
rCold    . . .     Faith    .   (no shield)
rNeg     . . .     Spirit   .   (armour unavailable)
rPois    .         Reflect  .   (helmet currently unavailable)
rElec    .         Harm     .   (no cloak)
rCorr    .         Rampage  .   (no gloves)
Will     .....                  (boots currently unavailable)
Stlth    +.........             (no amulet)
HPRegen  0.11/turn              (no ring)
MPRegen  0.10/turn              (no ring)

@: appendages, flying
A: horns 2, talons 2, AC +5, unfitting armour, cold-blooded
a: End Transformation


You were on level 3 of the Dungeon.
You had temporarily grown beastly horns and talons.
You visited 1 branch of the dungeon, and saw 3 of its levels.

You collected 96 gold pieces.

Inventory:

Hand Weapons
 f - a +1 dagger of electrocution (weapon)
Scrolls
 a - 2 scrolls of teleportation {unknown}
 c - 5 scrolls of identify {unknown}
 h - a scroll of magic mapping {unknown}
Potions
 b - a potion of degeneration
 d - a potion of magic {unknown}
 g - a potion of haste {unknown}
 i - a potion of berserk rage {unknown}


   Skills:
 - Level 1.1 Fighting
 - Level 1.7 Dodging
 - Level 3.0 Unarmed Combat
 - Level 2.0 Spellcasting
 + Level 5.1 Transmutations


You had one spell level left.
You knew the following spells:

 Your Spells              Type           Power      Damage    Failure   Level
a - Beastly Appendage     Tmut           28%        N/A       3%          1
b - Spider Form           Tmut/Pois      3%         N/A       26%         3
c - Wereblood             Tmut           14%        N/A       4%          2

Your spell library contained the following spells:

 Spells                   Type           Power      Damage    Failure   Level
 Summon Small Mammal      Summ           4%         N/A       26%         1
 Call Canine Familiar     Summ           1%         N/A       58%         3
 Summon Guardian Golem    Hex/Summ       1%         N/A       58%         3
 Ice Form                 Ice/Tmut       7%         N/A       65%         4


Dungeon Overview and Level Annotations

Branches:
Dungeon (3/15)

Altars:


Innate Abilities, Weirdness & Mutations

You have temporarily grown beastly horns and talons.
Your plain brown scales are hard. (AC +5)
You cannot fit into any form of body armour.
You are cold-blooded and may be slowed by cold attacks.


Message History

You kill the gnoll!
Your transformation is almost over.
Your Transmutations skill increases to level 5!
You hit the gnoll. Your headbutt misses the gnoll.
Your tail-slap misses the gnoll.
The gnoll is lightly wounded.
The gnoll hits you with a +0 club.
You hit the gnoll but do no damage. Your headbutt misses the gnoll.
The gnoll is lightly wounded.
The gnoll hits you with a +0 club!
You closely miss the gnoll. You claw the gnoll.
The gnoll is moderately wounded.
The gnoll hits you with a +0 club.
* * * LOW HITPOINT WARNING * * *
You closely miss the gnoll. Your kick misses the gnoll.
Your tail-slap misses the gnoll.
The gnoll is moderately wounded.
The gnoll misses you.
You hit the gnoll but do no damage. You claw the gnoll.
Your headbutt misses the gnoll.
Your tail-slap misses the gnoll.
The gnoll is heavily wounded.
The gnoll barely misses you.
It was a potion of degeneration.
There was something very wrong with that liquid.
You feel weakened.
You feel dopey.
You feel clumsy. The gnoll hits you with a +0 club.
* * * LOW HITPOINT WARNING * * *
It was a potion of flight.
You feel very buoyant.
You fly up into the air.
The gnoll barely misses you.
Okay, then.
You hit the gnoll but do no damage. Your kick misses the gnoll.
The gnoll is heavily wounded.
Your horns disappear.
Your talons disappear.
The gnoll barely misses you.
Casting: Beastly Appendage (safe; 3% risk of failure)
Confirm with . or Enter, or press ? or * to list all spells.
You grow a pair of large bovine horns.
Your feet morph into talons.
The gnoll hits you with a +0 club!
You die...

# #...........# ##
#.#..#........# .#
#............##
.#######.##..######
..
.'.................
...
.#######.##..######
... ### # #..#####
... ..######.
#......# ##.
..........##.###@#
... .......... #.#
#g# .<. ..........
#.# #)# ...
.........# #.# #..
... #........# #.#
.... # ...
#........+ ...
..... #. ###
#........#
..##.....#
##..##### #......#.
#...... .. ...#.
#.####)# #.######
###.##.##


You could see a gnoll.

Vanquished Creatures
  Jessica (D:2)
  3 gnolls (D:3)
  2 adders (D:2)
  A dart slug (D:2)
  6 endoplasms
  2 giant cockroaches
  7 jackals (D:1)
  6 kobolds
  3 quokkas
  5 ball pythons
  2 bats
  4 frilled lizards
  2 goblins
  4 rats
48 creatures vanquished.

Notes
Turn   | Place    | Note
-------+----------+-------------------------------------------
     0 | D:1      | barney the Draconian Transmuter began the quest for the
                  | Orb.
     0 | D:1      | Reached XP level 1. HP: 16/16 MP: 3/3
   214 | D:1      | Reached XP level 2. HP: 8/23 MP: 3/5
   606 | D:1      | Reached skill level 3 in Transmutations
  2001 | D:2      | Noticed Jessica
  2005 | D:2      | Killed Jessica
  2006 | D:2      | Reached skill level 4 in Transmutations
  2006 | D:2      | Reached XP level 3. HP: 24/28 MP: 4/6
  2011 | D:2      | Learned a level 3 spell: Spider Form
  2014 | D:2      | Learned a level 2 spell: Wereblood
  2324 | D:2      | Reached XP level 4. HP: 35/35 MP: 7/7
  3053 | D:3      | Reached skill level 5 in Transmutations
  3062 | D:3      | Slain by a gnoll

Illustrated notes

Levels and vault maps discovered:
D:1:      dpeg_arrival_snail, layout_basic, minmay_cut_off
D:2:      layout_loops_ring, uniq_jessica
D:3:      layout_basic, uniq_natasha

Skill      XL: |  1  2  3  4 |
---------------+-------------+-----
Transmutations | 4 5 |  5.1
Fighting       | |  1.1
Dodging        | |  1.7
Unarmed Combat | |  3.0
Spellcasting   | |  2.0

Action                   |  1- 3 |  4- 6 || total
-------------------------+-------+-------++-------
Melee: Unarmed           |    80 |       ||    80
       Kick              |    15 |     4 ||    19
       Tailslap          |     9 |     1 ||    10
       Dagger            |    26 |    42 ||    68
       Headbutt          |     4 |     1 ||     5
       Punch             |     2 |       ||     2
 Cast: Beastly Appendage |    19 |     7 ||    26
  Use: Potion            |       |     2 ||     2
 Stab: Sleeping          |     1 |       ||     1
Armor: Skin              |    32 |     7 ||    39
Dodge: Dodged            |    78 |    21 ||    99
